 Dungeon Crawl Stone Soup version 0.25-a0-426-g7d9e569eea (webtiles) character file.

Game seed: 355490404967073275, levelgen mode: deterministic

35 BeastOfSaturn the Grave Robber (level 3, 0/24 HPs)
             Began as a Demonspawn Necromancer on Jan 25, 2020.
             Slain by a gnoll
             ... wielding a +0 whip
              (9 damage)
             ... on level 1 of the Dungeon.
             The game lasted 00:05:45 (1156 turns).

BeastOfSaturn the Grave Robber (DsNe)               Turns: 1156, Time: 00:05:46

Health: 0/24       AC:  2    Str:  9    XL:     3   Next: 17%
Magic:  1/6        EV: 12    Int: 16    God:
Gold:   12         SH:  0    Dex: 13    Spells: 5/6 levels left

rFire    . . .     SeeInvis .   e - +0 club
rCold    . . .     Gourm    .   (no shield)
rNeg     . . .     Faith    .   a - +0 robe
rPois    .         Spirit   .   (no helmet)
rElec    .         Reflect  .   (no cloak)
rCorr    .         Harm     .   (no gloves)
MR       .....                  (no boots)
Stlth    ++........             (no amulet)
HPRegen  0.08/turn              (no ring)
MPRegen  0.10/turn              (no ring)

@: very slightly contaminated
A: powered by death 1
a: no special abilities


You were on level 1 of the Dungeon.
You were not hungry.

You visited 1 branch of the dungeon, and saw 1 of its levels.

You collected 12 gold pieces.

Inventory:

Hand Weapons
 e - a +0 club (weapon)
 j - a cursed -2 mace
Armour
 a - a +0 robe (worn)
Scrolls
 b - a scroll of teleportation {unknown}
 f - a scroll of fog {unknown}
 h - a scroll of enchant armour {unknown}
 i - a scroll of noise {unknown}
Potions
 d - a potion of magic {unknown}
Comestibles
 c - 3 rations
 g - 2 chunks of flesh


   Skills:
 + Level 0.2 Fighting
 * Level 1.2 Armour
 + Level 1.8 Dodging
 + Level 1.7 Stealth
 + Level 2.3 Spellcasting
 + Level 4.8 Necromancy


You had 5 spell levels left.
You knew the following spells:

 Your Spells              Type           Power        Failure   Level  Hunger
a - Pain                  Necr           ###.         2%          1    #......

Your spell library contained the following spells:

 Spells                   Type           Power        Failure   Level  Hunger
 Animate Skeleton         Necr           N/A          2%          1    #......
 Vampiric Draining        Necr           ###.......   9%          3    ###....
 Animate Dead             Necr           N/A          26%         4    #####..
 Agony                    Necr           ###.....     58%         5    ######.


Dungeon Overview and Level Annotations

Branches:
Dungeon (1/15)

Altars:


Innate Abilities, Weirdness & Mutations

You regenerate a little health from kills.


Message History

A gnoll comes into view. It is wielding a +0 whip.
Casting: Pain (safe; 2% risk of failure)
Confirm with . or Enter, or press ? or * to list all spells.
Aiming: Pain (safe; 2% risk of failure)
Press: ? - help, Shift-Dir - straight line, f - gnoll
Aim: a gnoll, wielding a +0 whip (hasn't noticed you, chance to defeat MR: 82%)
The gnoll writhes in agony.
You hit the gnoll but do no damage.
The gnoll is moderately wounded.
The gnoll hits you with a +0 whip!
You barely miss the gnoll.
The gnoll is moderately wounded.
The gnoll hits you with a +0 whip.
Casting: Pain (safe; 2% risk of failure)
Confirm with . or Enter, or press ? or * to list all spells.
Aiming: Pain (safe; 2% risk of failure)
Press: ? - help, Shift-Dir - straight line, f/p - gnoll
Aim: a gnoll, wielding a +0 whip (moderately wounded, chance to defeat MR: 82%)
The gnoll barely resists.
The gnoll hits you with a +0 whip!
You die...

#..##### .....# #..# ... ....#
#..# ....... ....#####..#
........ ...$......# ≈ #+#.....
.....###..# .##.#....####....#
#..####### ........%.......#
#........# #........##@g..#
#..####### #.≈ #.............##
#..# #.≈. #.........)...# #..#
.§≈.##+##....†.....# #..# #####
§≈≈.#....#####.....# #..# #....
#......#####....... #..## #.###
#......'............+...# ♣.♣ #
#......####...#.....#.###♣♣.♣♣#
#....######...#...###.#.....^..


You could see a gnoll.

Vanquished Creatures
  2 oozes (D:1)
  2 leopard geckos (D:1)
  2 giant cockroaches (D:1)
  2 goblins (D:1)
  4 hobgoblins (D:1)
  A kobold (D:1)
  6 bats (D:1)
  A frilled lizard (D:1)
  3 rats (D:1)
23 creatures vanquished.

Notes
Turn   | Place    | Note
-------+----------+-------------------------------------------
     0 | D:1      | BeastOfSaturn the Demonspawn Necromancer began the quest
                  | for the Orb.
     0 | D:1      | Reached XP level 1. HP: 13/13 MP: 3/3
   596 | D:1      | Gained mutation: You regenerate a little health from kills.
                  | [demonic ancestry]
   596 | D:1      | Reached XP level 2. HP: 15/19 MP: 0/5
   862 | D:1      | Reached skill level 1 in Armour
  1080 | D:1      | Reached XP level 3. HP: 13/24 MP: 0/6
  1156 | D:1      | Slain by a gnoll

Levels and vault maps discovered:
D:1:      psy_arrival_radial02, layout_basic, minivault_4,
          minmay_tree_intersection

Skill      XL: |  1  2 |
---------------+-------+-----
Armour         | 1 |  1.2
Fighting       | |  0.2
Dodging        | |  1.8
Stealth        | |  1.7
Spellcasting   | |  2.3
Necromancy     | |  4.8

Action                   || total
-------------------------++-------
Melee: Unarmed           ||     8
       Club              ||    18
 Cast: Pain              ||    45
  Eat: Chunk             ||     1
Armor: Robe              ||    12
Dodge: Dodged            ||    39

Table legend:
 A = Non-vault XP
 B = Vault XP
 C = Vault XP percentage of total XP
 D = Non-vault monster count
 E = Vault monster count
 F = Vault count percentage of total count
                 A         B        C        D         E       F
            +---------+---------+-------+---------+---------+-------
      Total |      51 |       0 |   0.0 |      23 |       0 |   0.0
            +---------+---------+-------+---------+---------+-------
        D:1 |      51 |       0 |   0.0 |      23 |       0 |   0.0
            +---------+---------+-------+---------+---------+-------
